 Dungeon Crawl Stone Soup version 0.31-a0-870-g10ed682358 (webtiles) character file.

Game seed: 16404652106967260934

40232 IcyTea the Fencer (level 13, -21/96 HPs)
             Began as a Demonspawn Monk on Oct 12, 2023.
             Was a High Priest of Wu Jian.
             Killed from afar by Azrael (37 damage)
             ... with a fireball
             ... on level 14 of the Dungeon.
             The game lasted 00:54:28 (12643 turns).

IcyTea the Fencer (Demonspawn Monk)                Turns: 12643, Time: 00:54:29

Health: -21/96     AC: 24    Str: 17    XL:     13   Next: 73%
Magic:  21/21      EV: 22    Int: 14    God:    Wu Jian [*****.]
Gold:   831        SH:  0    Dex: 26    Spells: 19/22 levels left

rFire   . . .        a - +6 long sword (drain)
rCold   . . .        (no shield)
rNeg    . . .        D - +5 ring mail of Lephazorr {-Cast Str+5 Dex+5}
rPois   .            W - +2 helmet {SInv}
rElec   .            A - +0 cloak
rCorr   .            y - +1 pair of gloves {Dex+3}
SInv    +            n - +0 pair of boots
Will    .....        E - amulet of regeneration
Stlth   ++++         G - +5 ring of evasion
HPRegen 1.16/turn    V - +4 ring of protection
MPRegen 0.17/turn

%: no spellcasting
@: hasted, very quick
A: demonic guardian 2, powered by death 1, sturdy frame 3, weakness stinger 2
a: Renounce Religion, Wall Jump, Serpent's Lash, Heavenly Storm


You were on level 14 of the Dungeon.
You worshipped Wu Jian.
Wu Jian was extremely pleased with you.
You visited 2 branches of the dungeon, and saw 15 of its levels.
You also visited: Gauntlet.

You collected 963 gold pieces.
You spent 132 gold pieces at shops.

Inventory:

Hand Weapons
 a - a +6 long sword of draining (weapon)
 T - a +0 vampiric long sword
Armour
 n - a +0 pair of boots (worn)
 y - a +1 pair of gloves of dexterity (worn)
 A - a +0 cloak (worn)
 D - the +5 ring mail of Lephazorr (worn) {-Cast Str+5 Dex+5}
   (You took it off an orc on level 5 of the Dungeon)

   Str+5:     It affects your strength (+5).
   Dex+5:     It affects your dexterity (+5).
   -Cast:     It prevents spellcasting.
 W - a +2 helmet of see invisible (worn)
Jewellery
 q - a ring of flight
 E - an amulet of regeneration (around neck)
 G - a +5 ring of evasion (left hand)
 V - a +4 ring of protection (right hand)
 Y - a ring of poison resistance
Wands
 c - a wand of iceblast (4)
 f - a wand of paralysis (6)
 g - a wand of mindburst (8)
 t - a wand of flame (17)
 F - a wand of digging (21)
 J - a wand of quicksilver (4)
Scrolls
 b - 2 scrolls of fog
 e - 4 scrolls of immolation
 j - 3 scrolls of amnesia
 m - 2 scrolls of teleportation
 s - 2 scrolls of revelation
 x - a scroll of blinking
 z - 4 scrolls of vulnerability
 C - 2 scrolls of poison
 L - a scroll of fear {unknown}
 M - a scroll of silence
 Z - a scroll of brand weapon
Potions
 h - a potion of haste
 k - 6 potions of enlightenment
 o - 8 potions of curing
 p - 3 potions of might
 r - 2 potions of lignification
 u - 3 potions of degeneration {unknown}
 v - 3 potions of magic
 w - 4 potions of heal wounds
 B - 2 potions of attraction {unknown}
 K - a potion of resistance {unknown}
 O - 4 potions of brilliance {unknown}
 P - a potion of mutation {unknown}
 U - a potion of cancellation {unknown}
Miscellaneous
 R - a phial of floods
 S - a tin of tremorstones (2/2)
 X - a lightning rod (4/4)


   Skills:
 - Level 7.5 Fighting
 + Level 15.3 Long Blades
 - Level 9.1 Armour
 - Level 6.3 Dodging
 - Level 6.0 Stealth
 - Level 5.4 Spellcasting
 - Level 3.5 Conjurations
 - Level 2.6 Air Magic
 - Level 2.3 Poison Magic
 - Level 4.6 Evocations


You had 19 spell levels left.
You knew the following spells:

 Your Spells              Type           Power      Damage    Failure   Level
a - Mephitic Cloud        Conj/Pois/Air  11%        N/A       16%         3

Your spell library contained the following spells:

 Spells                   Type           Power      Damage    Failure   Level
 Magic Dart               Conj           52%        1d5       4%          1
 Kiss of Death            Conj/Necr      32%        2d7       9%          1
 Call Imp                 Summ           6%         N/A       26%         2
 Confusing Touch          Hex            3%         N/A       45%         3
 Gell's Gravitas          Tloc           3%         N/A       45%         3
 Teleport Other           Tloc           3%         N/A       45%         3
 Summon Lightning Spire   Summ/Air       7%         N/A       67%         4
 Animate Armour           Summ/Erth      6%         N/A       86%         4
 Dispel Undead            Necr           3%         3d7       86%         4
 Lee's Rapid Deconstruct  Erth           1%         3d4*      99%         5
 Dispersal                Tloc           1%         N/A       100%        6


Dungeon Overview and Level Annotations

Branches:
Dungeon (14/15)            Temple (1/1) D:7            Lair (0/5) D:10
    Orc (0/2) D:12         Vaults (0/5) D:13        Gauntlet (visited)

Altars:
Ashenzari
Cheibriados
Dithmenos
Fedhas
Gozag
Hepliaklqana
Kikubaaqudgha
Makhleb
Nemelex Xobeh
Okawaru
Qazlal
Ru
Sif Muna
Trog
Uskayaw
Vehumet
Wu Jian
Xom
Yredelemnul

Shops:
D:5 *   D:11 :   D:13 *   D:14 ?

Portals:
Trove: D:11 (give +5 fire dragon scales)

Annotations:
D:9 6 runed translucent doors
D:14 Azrael


Innate Abilities, Weirdness & Mutations

A demonic guardian rushes to your aid.
You regenerate a little health from kills.
Your movements are significantly less encumbered by armour. (ER -6)
You have a tail ending in a sharp stinger.


Message History

The hell hound is severely wounded.
The hell hound barely misses you.
You hit the hell hound but do no damage.
The hell hound is severely wounded.
The hell hound bites you but does no damage.
You slice the hell hound!!
You kill the hell hound!
The Council accepts your kill.
You hit Azrael but do no damage. You tail-slap Azrael, but do no damage.
Azrael is lightly wounded.
You hit Azrael. You tail-slap Azrael, but do no damage.
Azrael is moderately wounded.
Azrael gestures at you.
The fireball explodes!
The fireball engulfs you!!
The fireball engulfs Azrael.
Azrael completely resists.
You hit Azrael.
Azrael is moderately wounded.
Azrael gestures at you.
The sticky flame hits you but does no damage.
You are covered in liquid flames!
You feel yourself speed up.
You are covered in liquid flames!
Azrael gestures at you.
The sphere of damnation explodes!
The damnation engulfs you!!
* * * LOW HITPOINT WARNING * * *
The damnation engulfs Azrael.
Azrael completely resists.
You hit Azrael.
Azrael is moderately wounded.
You are covered in liquid flames!
* * * LOW HITPOINT WARNING * * *
A demonic guardian appears!
You are covered in liquid flames!
* * * LOW HITPOINT WARNING * * *
You are no longer on fire.
You swap places.
Your sixfirhy hits Azrael but does no damage. x2
Azrael gestures at you.
The fireball explodes!
The fireball engulfs your sixfirhy!! The fireball engulfs you!!!
You die...

....# ##'## #...(.....# #. ....#
#.# #####.##### #. ....# #.# #.#
*. ...#######.## #.# *,
..##........## #.# *,
####.##......# #.# *,
.###.##.....## #.# *,
..##.........#######.# **#.
................@3R○.#### *..,
..##.........#######..†?## *.#*
.###.##.....## ####..#####.## ##
#.##.....# ##...........
###........# #..8○......8.
##....####.##########....○.......
.+.##.# #.##.....^....8.......8.
##.##.####.##.######.#.....).○...
⌠........#.#..######.#.8..._..☼8.


You could see Azrael (ally target) and a friendly sixfirhy (summoned).

Vanquished Creatures
  Jorgrun (D:12)
  A minotaur (Gauntlet)
  A vault guard (D:13)
  3 boulder beetles
  An ogre mage (D:12)
  6 two-headed ogres
  A centaur warrior (D:14)
  2 death knights (D:14)
  Amaemon (D:8)
  A sixfirhy (Gauntlet)
  9 skeletal warriors
  A wizard (D:14)
  4 deep elf pyromancers
  A manticore (D:11)
  2 ugly things (D:13)
  A cyclops (D:14)
  An elephant (D:10)
  Joseph (D:7)
  A gargoyle (D:14)
  An orange demon (D:8)
  An unseen horror zombie (D:9)
  A kobold demonologist (D:13)
  An eye of devastation (Gauntlet)
  2 unseen horrors
  4 freezing wraiths
  6 trolls
  Prince Ribbit (D:8)
  9 slime creatures
  Sigmund (D:5)
  A centaur simulacrum (D:10)
  2 vampires
  4 jumping spiders (D:9)
  3 wraiths
  A fire bat (Gauntlet)
  2 fire elementals (D:14)
  A yak (shapeshifter) (D:10)
  2 wyverns
  7 yaks (D:10)
  2 basilisks (D:10)
  2 golden eyes (Gauntlet)
  Menkaure (D:7)
  An acid dragon (D:11)
  Duvessa (D:7)
  4 water moccasins
  4 hell hounds (D:14)
  4 ice beasts
  4 orc warriors
  A black bear (D:5)
  2 ogres
  9 centaurs
  3 phantoms
  A kobold brigand (D:8)
  3 bullfrogs
  3 gnoll sergeants
  A water moccasin zombie (D:4)
  5 scorpions
  15 wights
  2 troll zombies (D:12)
  Dowan (D:7)
  A water moccasin skeleton (D:4)
  15 killer bees
  An electric eel (D:8)
  8 howler monkeys
  A centaur zombie (D:4)
  A bullfrog zombie (D:4)
  A jelly (D:5)
  5 hounds
  14 orc priests
  A bullfrog skeleton (D:4)
  A sleepcap (D:8)
  6 orc wizards
  A killer bee zombie (D:9)
  4 ogre zombies (D:12)
  16 gnolls
  7 adders
  A shadow imp (D:4)
  A white imp (D:7)
  8 ufetubi
  3 worms
  An adder skeleton (D:4)
  2 adder zombies (D:4)
  3 dart slugs
  38 orcs
  3 bats
  7 endoplasms
  5 giant cockroaches
  11 goblins
  6 hobgoblins
  9 jackals
  8 quokkas
  9 ball pythons
  A goblin skeleton (D:12)
  A goblin zombie (D:12)
  3 hobgoblin skeletons (D:12)
  2 hobgoblin zombies (D:12)
  A jackal zombie (D:4)
  16 kobolds
  2 orc skeletons (D:12)
  8 orc zombies (D:12)
  4 rats
394 creatures vanquished.

Vanquished Creatures (collateral kills)
  A sixfirhy (Gauntlet)
  A skeletal warrior (D:14)
  A fire crab (Gauntlet)
  2 slime creatures (D:14)
  A basilisk (D:13)
  A fire bat (Gauntlet)
  A gnoll (D:7)
  An ufetubus (Gauntlet)
9 creatures vanquished.

Vanquished Creatures (others)
  An ugly thing (D:14)
  A killer bee (D:8)
  A goblin skeleton (D:12)
  An orc zombie (D:12)
4 creatures vanquished.

Grand Total: 407 creatures vanquished

Notes
Turn   | Place    | Note
-------+----------+-------------------------------------------
     0 | D:1      | IcyTea the Demonspawn Monk began the quest for the Orb.
     0 | D:1      | Reached XP level 1. HP: 18/18 MP: 1/1
    26 | D:1      | Reached skill level 3 in Long Blades
    26 | D:1      | Gained mutation: Your movements are slightly less
                  | encumbered by armour. (ER -2) [demonic ancestry]
    26 | D:1      | Reached XP level 2. HP: 20/24 MP: 2/2
   314 | D:1      | Reached XP level 3. HP: 29/29 MP: 3/3
   364 | D:1      | Reached skill level 4 in Long Blades
  1211 | D:2      | Gained mutation: Your movements are less encumbered by
                  | armour. (ER -4) [demonic ancestry]
  1211 | D:2      | Reached XP level 4. HP: 32/35 MP: 4/4
  1774 | D:3      | Found a hide-covered altar of Uskayaw.
  1935 | D:3      | Reached skill level 5 in Long Blades
  1939 | D:3      | Gained mutation: Your movements are significantly less
                  | encumbered by armour. (ER -6) [demonic ancestry]
  1939 | D:3      | Reached XP level 5. HP: 29/41 MP: 5/5
  2165 | D:3      | Found a faded altar of an unknown god.
  2202 | D:3      | Prayed at the altar of an unknown god.
  2202 | D:3      | Became a worshipper of the Wu Jian Council
  2202 | D:3      | Reached * piety under Wu Jian
  2202 | D:3      | Reached ** piety under Wu Jian
  2400 | D:3      | Reached *** piety under Wu Jian
  2433 | D:3      | Found a broken altar of Ashenzari.
  2774 | D:4      | Reached skill level 6 in Long Blades
  2778 | D:4      | Gained mutation: You have a small tail. [demonic ancestry]
  2778 | D:4      | Reached XP level 6. HP: 15/47 MP: 6/6
  3003 | D:4      | Reached skill level 7 in Long Blades
  3230 | D:4      | Gained mutation: You have a tail ending in a sharp stinger.
                  | [demonic ancestry]
  3230 | D:4      | Reached XP level 7. HP: 52/52 MP: 7/7
  3278 | D:4      | Reached **** piety under Wu Jian
  3440 | D:5      | Entered Level 5 of the Dungeon
  3469 | D:5      | Found a hazy altar of Hepliaklqana.
  3509 | D:5      | Reached skill level 8 in Long Blades
  3572 | D:5      | Noticed Sigmund
  3741 | D:4      | Found a shadowy altar of Dithmenos.
  3772 | D:4      | Found a radiant altar of Vehumet.
  3873 | D:4      | Found a snail-covered altar of Cheibriados.
  3962 | D:5      | Killed Sigmund
  3985 | D:5      | Reached skill level 9 in Long Blades
  3985 | D:5      | Gained mutation: A weak demonic guardian rushes to your
                  | aid. [demonic ancestry]
  3985 | D:5      | Reached XP level 8. HP: 37/58 MP: 8/8
  4080 | D:5      | Found Xarhe's Assorted Antiques.
  4104 | D:5      | Bought a scroll labelled XOFUT HATA for 28 gold pieces
  4170 | D:5      | Reached skill level 10 in Long Blades
  4619 | D:5      | Identified the +5 ring mail of Lephazorr {-Cast Str+5
                  | Dex+5}
  4794 | D:6      | Reached skill level 11 in Long Blades
  4830 | D:6      | Gained mutation: A demonic guardian rushes to your aid.
                  | [demonic ancestry]
  4830 | D:6      | Reached XP level 9. HP: 63/63 MP: 9/9
  5067 | D:6      | You are sucked into a shaft and drop 3 floors!
  5093 | D:9      | Noticed a troll
  5100 | D:9      | Killed a troll
  5159 | D:8      | Noticed an orange demon
  5159 | D:8      | Noticed Amaemon
  5184 | D:7      | Reached skill level 12 in Long Blades
  5528 | D:6      | Found a blossoming altar of Fedhas.
  6012 | D:7      | Noticed Joseph
  6075 | D:7      | Noticed Menkaure
  6081 | D:7      | Killed Menkaure
  6134 | D:7      | Reached skill level 13 in Long Blades
  6199 | D:7      | Killed Joseph
  6253 | D:7      | Found a staircase to the Ecumenical Temple.
  6281 | Temple   | Entered the Ecumenical Temple
  6410 | D:7      | Noticed Duvessa
  6411 | D:7      | Noticed Dowan
  6418 | D:7      | Killed Dowan
  6419 | D:7      | Reached XP level 10. HP: 50/70 MP: 10/10
  6420 | D:7      | Killed Duvessa
  6670 | D:8      | Reached ***** piety under Wu Jian
  6745 | D:8      | Noticed Prince Ribbit
  6750 | D:8      | Reached skill level 14 in Long Blades
  6759 | D:8      | Killed Prince Ribbit
  6784 | D:8      | Killed Amaemon
  6785 | D:8      | Reached skill level 5 in Fighting
  6786 | D:8      | Killed an orange demon
  6850 | D:8      | Found an ornate altar of the Wu Jian Council.
  7109 | D:9      | Found a bloodstained altar of Trog.
  7196 | D:9      | Found a runed translucent door.
  7271 | D:9      | Identified the +0 hat "Tofexiuj" {Int+2 Slay+2 Stlth+}
  7289 | D:9      | Found a runed translucent gate.
  7289 | D:9      | Found a runed translucent gate.
  7289 | D:9      | Found a runed translucent gate.
  7289 | D:9      | Found a runed translucent gate.
  7289 | D:9      | Found a runed translucent gate.
  7289 | D:9      | Found a runed translucent gate.
  7289 | D:9      | Noticed a lindwurm
  7289 | D:9      | Noticed a boulder beetle
  7296 | D:9      | Noticed a boulder beetle
  7363 | D:9      | Reached skill level 5 in Armour
  7370 | D:9      | Found a basalt altar of Yredelemnul.
  7440 | D:9      | Reached skill level 1 in Stealth
  7484 | D:9      | Found a shimmering blue altar of Sif Muna.
  7544 | D:9      | Gained mutation: You regenerate a little health from kills.
                  | [demonic ancestry]
  7544 | D:9      | Reached XP level 11. HP: 79/79 MP: 11/11
  7805 | D:10     | Entered Level 10 of the Dungeon
  7879 | D:10     | Noticed a two-headed ogre
  7893 | D:10     | Killed a two-headed ogre
  7973 | D:10     | Found an iron altar of Okawaru.
  8074 | D:10     | Reached skill level 5 in Dodging
  8147 | D:10     | Found an opulent altar of Gozag.
  8189 | D:10     | Found a staircase to the Lair.
  8497 | D:11     | Noticed a two-headed ogre
  8508 | D:11     | Killed a two-headed ogre
  8657 | D:11     | Noticed a two-headed ogre
  8670 | D:11     | Killed a two-headed ogre
  8671 | D:11     | Reached skill level 5 in Stealth
  8828 | D:11     | Found a portal to a secret trove of treasure.
  8871 | D:11     | Found Kugraytt's Book Shoppe.
  9039 | D:12     | Noticed a two-headed ogre
  9047 | D:12     | Noticed Jorgrun
  9055 | D:12     | Noticed a deep elf pyromancer
  9062 | D:12     | Found a staircase to the Orcish Mines.
  9088 | D:12     | Reached skill level 1 in Spellcasting
  9093 | D:12     | Noticed a deep elf pyromancer
  9106 | D:12     | Killed a deep elf pyromancer
  9234 | D:12     | Killed Jorgrun
  9235 | D:12     | Reached XP level 12. HP: 70/86 MP: 16/19
  9275 | D:12     | Noticed a two-headed ogre
  9285 | D:12     | Killed a two-headed ogre
  9286 | D:12     | Reached skill level 5 in Spellcasting
  9312 | D:12     | Learned a level 3 spell: Mephitic Cloud
  9475 | D:12     | Killed a two-headed ogre
 10128 | D:13     | Noticed a boulder beetle
 10140 | D:13     | Killed a boulder beetle
 10226 | D:13     | Noticed a boulder beetle
 10276 | D:13     | Found Erecoecw's General Store.
 10320 | D:13     | Noticed an ogre mage
 10396 | D:12     | Killed a boulder beetle
 10486 | D:12     | Killed an ogre mage
 10487 | D:12     | Reached skill level 1 in Air Magic
 10931 | D:13     | Reached XP level 13. HP: 91/96 MP: 21/21
 11378 | D:13     | Found a gate to the Vaults.
 11637 | D:14     | Found a gate leading to a gauntlet.
 11654 | Gauntlet | Entered a Gauntlet
 11654 | Gauntlet | Found a transporter.
 11654 | Gauntlet | Found a transporter.
 11654 | Gauntlet | Found a transporter.
 11675 | Gauntlet | Found a transporter.
 11689 | Gauntlet | Found a transporter.
 11706 | Gauntlet | Found a transporter.
 11713 | Gauntlet | Found a transporter.
 11716 | Gauntlet | Found a large runed translucent door.
 11717 | Gauntlet | Found a large runed translucent door.
 11718 | Gauntlet | Found a large runed translucent door.
 11718 | Gauntlet | Found a large runed translucent door.
 11719 | Gauntlet | Found a large runed translucent door.
 11719 | Gauntlet | Found a large runed translucent door.
 11719 | Gauntlet | Found a runed translucent gate.
 11719 | Gauntlet | Found a runed translucent door.
 11720 | Gauntlet | Found a large runed translucent door.
 11721 | Gauntlet | Found a large runed translucent door.
 11721 | Gauntlet | Found a transporter.
 11721 | Gauntlet | Found a runed translucent gate.
 11722 | Gauntlet | Found a runed translucent gate.
 11722 | Gauntlet | Found a runed translucent door.
 11724 | Gauntlet | Found a large runed translucent door.
 11724 | Gauntlet | Found a large runed translucent door.
 11725 | Gauntlet | Found a large runed translucent door.
 11726 | Gauntlet | Found a large runed translucent door.
 11735 | Gauntlet | Found a large runed translucent door.
 11735 | Gauntlet | Found a large runed translucent door.
 11736 | Gauntlet | Found a large runed translucent door.
 11737 | Gauntlet | Found a large runed translucent door.
 11739 | Gauntlet | Found a transporter.
 11747 | Gauntlet | Found a transporter.
 11764 | Gauntlet | Found a transporter.
 11789 | Gauntlet | Found a transporter.
 11997 | Gauntlet | Noticed a minotaur
 12003 | Gauntlet | Killed a minotaur
 12094 | D:14     | Found a hide-covered altar of Uskayaw.
 12338 | D:14     | Reached skill level 15 in Long Blades
 12469 | D:14     | Found Sesodoto's Magic Scroll Shoppe.
 12474 | D:14     | Bought a scroll of brand weapon for 104 gold pieces
 12592 | D:14     | Noticed Azrael
 12643 | D:14     | Killed from afar by Azrael

Illustrated notes

Levels and vault maps discovered:
D:1:      dpeg_arrival_water_altar, layout_rooms, minmay_tetromino_s4
D:2:      layout_loops_corners, reono_crystal_passage
D:3:      layout_loops_cross, amcnicky_altar_gilded, nicolae_ashenzari_skybound,
          shapermc_ecumenical_altar_totnotflames, minmay_goblin_kobold_house
D:4:      minmay_recursive_quarters, layout_loops_cross,
          nicolae_vehumet_radiance, kennysheep_little_box, old_standard_altar,
          serial_undead, serial_undead_f, serial_undead_e, serial_undead_e,
          serial_undead_c, serial_undead_b, serial_undead_e, minivault_24
D:5:      layout_rooms, old_standard_altar, mainiacjoe_overflow_brackets,
          serial_shops, shop, uniq_sigmund
D:6:      layout_basic, lemuel_doored_altar, nicolae_elevator_lobby_plus
D:7:      layout_rooms, minmay_temple_entry_junction, uniq_joseph, uniq_duvessa,
          uniq_menkaure
D:8:      layout_basic, lemuel_round_altar, uniq_amaemon, uniq_prince_ribbit1
D:9:      gammafunk_indiana_jones, layout_cave_pools,
          nicolae_overflow_crystal_walls, lemuel_zombie_altar_yredelemnul,
          mainiacjoe_overflow_catwalk, corexii_checkpoint_a, st_stairs_13,
          serial_bayou_pond_d
D:10:     layout_long_grid, grunt_gozag_statues, okawaru_gym_becter,
          david_lair_generic, minivault_20
D:11:     layout_rooms, serial_shops, nicolae_shop_tiny_real_fake_doors,
          nicolae_trove_entry_diagonal
D:12:     layout_cave_pods, zombieorc1_lemuel, uniq_jorgrun
D:13:     layout_cave_pools, david_vaults_5, serial_shops, nicolae_shop_crystal,
          special_room [special_room_orc]
D:14:     layout_loops_corners, roderic_malta_cross, gauntlet_entry_generic,
          serial_shops, nicolae_shop_hallway_plus, chequers_serial_rivers_marsh,
          eat_drink_and_be_merry_uskayaw, uniq_azrael
Temple:   hellmonk_temple_rainy

Skill      XL: |  1  2  3  4  5  6  7  8  9 10 11 12 13 |
---------------+----------------------------------------+-----
Long Blades    | 3 4 5 6 7 9 11 13 14 15 | 15.3
Fighting       | 5 7 |  7.5
Armour         | 5 6 9 |  9.1
Stealth        | 2 6 |  6.0
Dodging        | 6 |  6.3
Spellcasting   | 4 5 |  5.4
Evocations     | 4 |  4.6
Conjurations   | 3 |  3.5
Air Magic      | 2 |  2.6
Poison Magic   | 2 |  2.3

Action                     |  1- 3 |  4- 6 |  7- 9 | 10-12 | 13-15 || total
---------------------------+-------+-------+-------+-------+-------++-------
  Melee: Falchion          |   103 |   280 |   150 |       |       ||   533
         Tailslap          |       |    17 |    54 |   154 |    68 ||   293
         Long sword        |       |       |   143 |   706 |   259 ||  1108
         Punch             |       |       |       |       |     2 ||     2
 Invoke: Heavenly Storm    |       |       |       |     1 |       ||     1
Ability: Whirlwind         |       |    38 |    14 |    65 |    11 ||   128
         Lunge             |       |    12 |    31 |    53 |    15 ||   111
         Wall Jump         |       |     7 |     3 |    21 |     2 ||    33
    Use: Potion            |       |     1 |       |       |     2 ||     3
         Scroll            |       |       |    13 |     8 |     5 ||    26
   Stab: Sleeping          |       |       |       |     2 |       ||     2
         Distracted        |       |       |       |     3 |     2 ||     5
 Armour: Robe              |    44 |       |       |       |       ||    44
         Scale mail        |    24 |   172 |    99 |       |       ||   295
         Ring mail         |       |       |    51 |   315 |   108 ||   474
  Dodge: Dodged            |    63 |   177 |   169 |   504 |   167 ||  1080

Table legend: (Time is in decaauts)
 A = Elapsed time spent in this place.
 B = Non-inter-level travel time spent in this place.
 C = Inter-level travel time spent in this place.
 D = Time resting spent in this place.
 E = Time spent auto-exploring this place.
 F = Levels seen in this place.
 G = Mean time per level.
                   A        B        C        D        E       F      G
               +--------+--------+--------+--------+--------+-----+--------+
         Total |  12466 |  12048 |    418 |    906 |   6445 |  16 |  779.1 |
       Dungeon |  12089 |  11671 |    418 |    906 |   6400 |  14 |  863.5 |
        Temple |      1 |      1 |      0 |      0 |      0 |   1 |    1.0 |
      Gauntlet |    374 |    374 |      0 |      0 |     45 |   1 |  374.0 |
               +--------+--------+--------+--------+--------+-----+--------+

Top non-repeatable levels by time:
    D:12: 1791 daAuts
     D:4: 1450 daAuts
     D:6: 1109 daAuts
     D:2: 914 daAuts
     D:1: 854 daAuts
     D:3: 841 daAuts
     D:5: 733 daAuts
     D:9: 724 daAuts
    D:13: 692 daAuts
    D:10: 682 daAuts
    D:14: 679 daAuts
     D:8: 572 daAuts
     D:7: 571 daAuts
    D:11: 471 daAuts
Gauntlet: 374 daAuts
